cohdb
Replays
Latest Replays
All Replays
Popular Replays
Top Player Replays
Match Explorer
How It Works
Community
CoH3 Stats
Reddit
Sign in to upload your games and track your stats! →
Sign in with Steam
Match 41671133
Unlisted
Match 41671133
Overview
Messages
Build Orders
End
Construct Section Command Post
Selects Australian Defense Battlegroup
Selects Australian Light Infantry Section
Australian Light Infantry Section
Dingo Light Scout Car
Royal Engineer Section
Infantry Section
Infantry Section
Construct Platoon Command Post
Humber Armored Car
Insomniac
Scooby
WeAJapaneseGoblin
DerGympanse
0
0
Comments
sign in to comment!
No comments posted yet!